AoeStats
← kova32ajsk

Pilgrims

508583418Analyzed
2v2 RM · 10d ago on Sep 23, 2026· 36m 39s· 4 players
Game mode
Random Map
Map size
Medium (4 player)
Population
200
Speed
Normal
Resources
Standard
Victory
Conquest
Starting age
Dark Age
Ending age
Imperial Age
RankedLock teamsTeams togetherTeam positionsShared explorationLock speedFull tech treeHidden civsTurbo modeCheats
Victory
Defeat
🇦🇷 Danes · Argentina
986
+11
🇺🇸 Britons · United States
934
+13
🇺🇸 Spanish · United States
934
-14
🇺🇸 Danes · United States
812
-10
kova32ajsk
10:01 Loom
13:07 Feudal Age
14:26 Wheelbarrow
13:40 Double-Bit Axe
18:16 Castle Age
18:32 Fishing Lines
20:33 Hand Cart
29:47 Bow Saw
34:46 Imperial Age
33:32 Gillnets
35:49 Conscription
36:15 Conscription
[ESTG] Daupoch
9:42 Loom
12:27 Feudal Age
12:35 Man-at-Arms
12:46 Man-at-Arms
13:12 Arson
13:24 Fishing Lines
18:09 Town Watch
23:23 Castle Age
25:29 Gillnets
Nivix Zixer
4:01 Loom
10:36 Feudal Age
11:31 Double-Bit Axe
26:58 Castle Age
27:38 Gambesons
28:08 Light Cavalry
29:52 Arson
31:18 Squires
34:07 Forging
Nezmorn
5:12 Loom
13:30 Feudal Age
15:05 Fletching
17:03 Wheelbarrow
22:00 Castle Age
21:10 Double-Bit Axe
23:35 Elite Skirmisher
26:48 Husbandry
Connection lost

Rejoining the realm…

Still unreachable

The connection could not be restored.

Session expired

The server has moved on; the page needs a fresh start.